 Dungeon Crawl Stone Soup version 0.30.1 (webtiles) character file.

Game seed: 649201103247362338

50540 Wiggles the Severer (level 14, 0/193 HPs)
             Began as a Minotaur Berserker on July 13, 2023.
             Was the Champion of Trog.
             Slain by a hog (1 damage)
             ... led by Kirke
             ... on level 13 of the Dungeon.
             The game lasted 00:34:11 (17507 turns).

Wiggles the Severer (Minotaur Berserker)           Turns: 17507, Time: 00:34:11

Health: 0/193      AC:  0    Str: 26    XL:     14   Next: 20%
Magic:  13/13      EV: 15    Int:  4    God:    Trog [******]
Gold:   975        SH:  5    Dex: 11    Spells: 13/13 levels left

rFire   . . .        r - melded +7 broad axe of Vurebiyce {heavy, rCorr Str+5 Stlth-}
rCold   . . .        y - melded +0 tower shield
rNeg    . . .        m - melded +0 plate armour
rPois   .            H - melded +3 hat of Pondering {ponderous, Will+ MP+10 Int+5}
rElec   .            a - melded +0 cloak
rCorr   .            (gloves currently unavailable)
SInv    .            u - melded +2 pair of boots
Will    +....        M - amulet of reflection Stlth
                     l - melded ring of see invisible
HPRegen 0.52/turn    s - melded +6 ring of dexterity
MPRegen 0.13/turn

%: reflection
@: berserking, pig-form, slowed, very quick
A: fast, no casting, small, (horns 2), (retaliatory headbutt)
a: Renounce Religion, Berserk, Trog's Hand, Brothers in Arms


You were on level 13 of the Dungeon.
You worshipped Trog.
Trog was exalted by your worship.
You were a filthy swine.
You visited 3 branches of the dungeon, and saw 20 of its levels.
You also visited: Sewer and Ossuary.

You collected 1821 gold pieces.
You spent 846 gold pieces at shops.

Inventory:

Hand Weapons
 n - a +2 broad axe of venom
 r - the +7 broad axe of Vurebiyce (melded) {heavy, rCorr Str+5 Stlth-}
   (Trog gifted it to you on level 10 of the Dungeon)

   Str:       It affects your strength (+5).
   rCorr:     It protects you from acid and corrosion.
   Stlth:     It makes you less stealthy.
 v - the +5 war axe of the Sage {flame, rElec rPois}
   (You bought it in a shop on level 3 of the Dungeon)

   rElec:     It insulates you from electricity.
   rPois:     It protects you from poison.
Missiles
 J - 3 throwing nets (quivered)
Armour
 a - a +0 cloak (melded)
 m - a +0 plate armour (melded)
 u - a +2 pair of boots (melded)
 y - a +0 tower shield (melded)
 H - the +3 hat of Pondering (melded) {ponderous, Will+ MP+10 Int+5}
   (You took it off Gastronok on level 2 of the Lair of Beasts)

   Int:       It affects your intelligence (+5).
   MP:        It affects your magic capacity (+10).
   Will:      It increases your willpower.
Jewellery
 l - a ring of see invisible (melded)
 q - a ring of positive energy
 s - a +6 ring of dexterity (melded)
 M - an amulet of reflection (around neck)
 N - a ring of poison resistance
Wands
 d - a wand of charming (8)
 o - a wand of flame (18)
 x - a wand of mindburst (20)
 z - a wand of light (15)
 A - a wand of iceblast (9)
 L - a wand of polymorph (3)
Scrolls
 c - a scroll of magic mapping
 f - 2 scrolls of fear
 h - 8 scrolls of teleportation
 i - 5 scrolls of enchant weapon
 C - 2 scrolls of silence
 E - 2 scrolls of blinking
 I - 2 scrolls of identify
 K - 3 scrolls of fog
Potions
 b - 3 potions of flight
 e - 4 potions of might
 j - 10 potions of curing
 k - 4 potions of berserk rage
 p - a potion of resistance
 t - a potion of haste
 w - 2 potions of lignification
 B - 3 potions of invisibility
 D - 2 potions of degeneration
 G - 2 potions of magic
Miscellaneous
 F - a phantom mirror


   Skills:
 + Level 13.5 Fighting
 + Level 19.0 Axes
 + Level 13.1 Armour
 + Level 4.7 Dodging
 + Level 2.1 Stealth
 + Level 13.0 Shields
 + Level 1.0 Evocations


You had 13 spell levels left.
You didn't know any spells.
Your spell library was empty.

Dungeon Overview and Level Annotations

Branches:
Dungeon (13/15)            Temple (0/1) D:5            Lair (5/5) D:11
  Swamp (0/4) Lair:3        Snake (0/4) Lair:2        Slime (0/5) Lair:4
    Orc (2/2) D:10            Elf (0/3) Orc:2         Sewer (visited)
Ossuary (visited)
 Vaults: D:13-14

Altars:
Cheibriados
Kikubaaqudgha
Uskayaw
Vehumet
Wu Jian
Jiyva

Shops:
D:3 (   D:10 =*:(   D:13 [   Orc:2 (!:=

Annotations:
D:10 4 transporters
D:13 Kirke
Lair:3 exclusion: 7 oklob plants


Innate Abilities, Weirdness & Mutations

You are a filthy swine.
You move quickly.
Your equipment is almost entirely melded.
You are incapable of wielding weapons or throwing items.
You cannot cast spells.
((You have a pair of horns on your head.))
((You reflexively headbutt those who attack you in melee.))


Message History

The hog closely misses you. The hog bites you! The hog barely misses you. x2
Kirke barely misses you.
You feel much better. The hog barely misses you. The hog bites you.
The hog bites you! The hog misses you. You block Kirke's attack.
The hog closely misses you. The hog bites you.
You feel much better. The hog barely misses you. The hog closely misses you.
The hog barely misses you. Kirke hits you! The hog misses you.
The hog closely misses you. The hog bites you. Kirke hits you!
Aiming: Polymorph
Press: ? - help, Shift-Dir - straight line, f - Kirke
Aim: Kirke (moderately wounded, will become a quicksilver dragon, an iron troll, or a sphinx, chance to affect: 2%) Kirke resists with almost no effort.
You block the hog's attack. The hog bites you! The hog barely misses you.
The hog bites you!
* * * LOW HITPOINT WARNING * * *
Kirke hits you.
* * * LOW HITPOINT WARNING * * *
You block the hog's attack. The hog barely misses you.
Aiming: Charm
Press: ? - help, Shift-Dir - straight line, f/p - Kirke
Aim: Kirke (moderately wounded, chance to affect: 2%) Kirke resists with almost no effort.
You block the hog's attack. The hog barely misses you.
Kirke completely misses you. The hog bites you!
* * * LOW HITPOINT WARNING * * *
The hog bites you.
* * * LOW HITPOINT WARNING * * *
The hog bites you.
* * * LOW HITPOINT WARNING * * *
Kirke closely misses you.
A red film seems to cover your vision as you go berserk!
You feel yourself moving faster!
You feel mighty! The hog bites you.
* * * LOW HITPOINT WARNING * * *
You block the hog's attack. x2; The hog bites you.
* * * LOW HITPOINT WARNING * * *
The hog misses you. Kirke hits you.
* * * LOW HITPOINT WARNING * * *
You block the hog's attack.
You barely miss Kirke.
Kirke is moderately wounded.
You block the hog's attack. The hog bites you.
You die...

..#.........
....#####...#......
..#.#####...#
#...#...<...#...... ..#.
#...# #...#.......'......
..# ....
#...#.......#...... ###
....###...#.......#......
..........#.......#......
..........#########......
.......hh................
.......@h......##........
.......h.#.....##........
##..###..#.....##........
#. #..#.....##........ ..
#..#.....##...##### .
#..#.....##...#
...............
##########


You could see Kirke and 3 hogs.

Vanquished Creatures
  Rupert (D:13)
  Gastronok (Lair:2)
  An orc warlord (Orc:2)
  A hydra (Lair:2)
  Harold (Lair:2)
  2 ogre magi (Orc:2)
  2 two-headed ogres (D:12)
  3 boulder beetles
  A tengu warrior (D:13)
  Nergalle (Orc:2)
  5 orc knights
  Pikel (D:9)
  2 deep elf pyromancers
  3 ugly things
  7 orc sorcerers (Orc:2)
  A cyclops (D:13)
  A manticore (D:8)
  A salamander (Lair:2)
  2 black mambas
  7 cane toads
  A gargoyle (D:12)
  5 komodo dragons
  A kobold demonologist (D:11)
  A tengu conjurer (D:13)
  A troll (shapeshifter) (D:13)
  8 polar bears
  7 trolls
  10 blink frogs
  9 dream sheep
  6 hornets
  A shadow (D:12)
  3 slime creatures (D:12)
  14 spriggans (Lair:5)
  A wyvern (Lair:1)
  A basilisk (Lair:5)
  Eustachio (D:5)
  A vampire (D:10)
  5 wraiths
  26 yaks
  A steam dragon (D:9)
  An acid dragon (D:10)
  9 water moccasins
  A warg (Orc:1)
  25 orc warriors
  4 black bears
  6 ice beasts
  A sky beast (D:7)
  3 boggarts (Lair:5)
  5 ogres
  20 wolves (Lair:5)
  4 centaurs
  2 lemures (D:9)
  10 bullfrogs
  5 kobold brigands
  A gnoll sergeant (D:9)
  7 scorpions
  7 wights
  5 killer bees (D:8)
  6 howler monkeys
  An electric eel (D:10)
  4 lava snakes (Lair:2)
  A centaur zombie (Ossuary)
  2 jellies
  2 hounds
  15 orc priests
  2 gnoll boudas
  Jessica (D:2)
  2 sleepcaps
  Terence (D:2)
  30 orc wizards
  3 iguanas
  7 hell rats (Lair:3)
  A mummy (D:4)
  12 gnolls
  3 adders
  A shadow imp (D:6)
  12 white imps (Lair:4)
  2 ufetubi (D:5)
  2 adder zombies (Ossuary)
  7 worms
  2 dart slugs
  78 orcs
  5 endoplasms
  5 goblins
  8 hobgoblins
  7 jackals
  4 quokkas
  2 ball pythons (D:2)
  A ball python skeleton (Ossuary)
  6 bats
  6 frilled lizards
  3 hobgoblin skeletons (Ossuary)
  2 hobgoblin zombies
  30 kobolds
  An orc skeleton (Ossuary)
  3 orc zombies (D:4)
  5 rats
548 creatures vanquished.

Vanquished Creatures (collateral kills)
  An orc priest (Orc:1)
  5 orcs (Orc:1)
6 creatures vanquished.

Vanquished Creatures (others)
  A gnoll (D:9)
  An orc (Orc:2)
2 creatures vanquished.

Grand Total: 556 creatures vanquished

Notes
Turn   | Place    | Note
-------+----------+-------------------------------------------
     0 | D:1      | Wiggles the Minotaur Berserker began the quest for the Orb.
     0 | D:1      | Reached XP level 1. HP: 19/19 MP: 0/0
   415 | D:1      | Reached skill level 4 in Axes
   415 | D:1      | Reached XP level 2. HP: 26/27 MP: 1/1
   901 | D:2      | Noticed Terence
   910 | D:2      | Killed Terence
   911 | D:2      | Reached XP level 3. HP: 33/33 MP: 2/2
   976 | D:2      | Noticed Jessica
   985 | D:2      | Killed Jessica
   986 | D:2      | Reached XP level 4. HP: 30/41 MP: 3/3
  1078 | D:2      | Reached ** piety under Trog
  1186 | D:2      | Reached skill level 5 in Axes
  1531 | D:2      | Identified the +9 hand axe "Dogg" {speed, rElec Int+4}
  1794 | D:3      | Reached skill level 5 in Fighting
  1794 | D:3      | Reached XP level 5. HP: 13/48 MP: 4/4
  2283 | D:3      | Found Ybroask's Antique Weapon Shoppe.
  2613 | D:4      | Reached *** piety under Trog
  2614 | D:4      | Reached XP level 6. HP: 42/56 MP: 5/5
  2743 | D:4      | Reached skill level 6 in Axes
  2743 | D:4      | Reached skill level 5 in Armour
  2909 | D:3      | Bought a dazzling war axe for 195 gold pieces
  2909 | D:3      | Identified the +5 war axe of the Sage {flame, rElec rPois}
                  | (You bought it in a shop on level 3 of the Dungeon)
  2995 | D:4      | Found a glowing drain.
  3012 | Sewer    | Entered a sewer
  3038 | Sewer    | Noticed a water moccasin
  3043 | Sewer    | Killed a water moccasin
  3283 | D:4      | Reached XP level 7. HP: 61/61 MP: 6/6
  3348 | D:5      | Entered Level 5 of the Dungeon
  3450 | D:5      | Reached skill level 7 in Axes
  3599 | D:5      | Reached skill level 8 in Axes
  3611 | D:5      | Noticed Eustachio
  3625 | D:5      | Killed Eustachio
  3626 | D:5      | Reached XP level 8. HP: 66/70 MP: 7/7
  3693 | D:5      | Found a staircase to the Ecumenical Temple.
  3768 | D:5      | Identified the +0 ring mail "Zuirots" {Int+3}
  3806 | D:5      | Found a sand-covered staircase.
  3857 | Ossuary  | Entered an ossuary
  3980 | Ossuary  | Noticed a flying skull
  3987 | Ossuary  | Noticed a flying skull
  4040 | Ossuary  | Noticed a flying skull
  4051 | Ossuary  | Reached skill level 9 in Axes
  4139 | Ossuary  | Reached skill level 1 in Stealth
  4139 | Ossuary  | Reached skill level 1 in Shields
  4323 | D:5      | Found a snail-covered altar of Cheibriados.
  4713 | D:6      | Reached skill level 10 in Axes
  4743 | D:6      | Reached **** piety under Trog
  4935 | D:6      | Reached XP level 9. HP: 68/78 MP: 8/8
  5363 | D:7      | Reached skill level 11 in Axes
  5631 | D:7      | Found an ornate altar of the Wu Jian Council.
  6337 | D:8      | Noticed a manticore
  6353 | D:8      | Killed a manticore
  6354 | D:8      | Reached skill level 12 in Axes
  6809 | D:8      | Reached skill level 5 in Shields
  6918 | D:9      | Reached ***** piety under Trog
  6921 | D:9      | Reached XP level 10. HP: 86/86 MP: 9/9
  6993 | D:9      | Identified the +3 kite shield of Vocuidgh {rC+ rN+ Dex+4
                  | Stlth-}
  7145 | D:9      | Reached skill level 13 in Axes
  7438 | D:9      | Noticed Pikel
  7447 | D:9      | Killed Pikel
  7873 | D:10     | Entered Level 10 of the Dungeon
  7934 | D:10     | Found Zynawnauq's General Store.
  7935 | D:10     | Found Reoc's Antique Weapon Shop.
  7935 | D:10     | Found Kaney's Book Boutique.
  7936 | D:10     | Found Posoimupa's Weapon Emporium.
  7940 | D:10     | Bought a glowing broad axe for 161 gold pieces
  7983 | D:10     | Found a transporter.
  7985 | D:10     | Found a transporter.
  8010 | D:10     | Reached skill level 14 in Axes
  8035 | D:10     | Found a transporter.
  8035 | D:10     | Found a transporter.
  8160 | D:10     | Found a staircase to the Orcish Mines.
  8262 | D:10     | Identified the +7 broad axe of Vurebiyce {heavy, rCorr
                  | Str+5 Stlth-} (Trog gifted it to you on level 10 of the
                  | Dungeon)
  8262 | D:10     | Received a gift from Trog
  8307 | D:10     | Found Suzxuis's Jewellery Emporium.
  8382 | D:10     | Reached XP level 11. HP: 95/95 MP: 10/10
  8398 | D:10     | Found a transporter.
  8402 | D:10     | Found a transporter.
  8422 | D:10     | Paralysed by a hornet for 2 turns
  8756 | D:11     | Found a staircase to the Lair.
  8756 | D:11     | Found the +10 zealot's sword {holy, Zealotry, *Rage rN+
                  | EV+3}
  9452 | D:12     | Noticed a two-headed ogre
  9461 | D:12     | Killed a two-headed ogre
  9507 | D:12     | Noticed a deep elf pyromancer
  9514 | D:12     | Killed a deep elf pyromancer
  9515 | D:12     | Reached skill level 15 in Axes
  9516 | D:12     | Noticed a boulder beetle
  9528 | D:12     | Killed a boulder beetle
  9626 | D:12     | Noticed a cyan ugly thing
  9641 | D:12     | Killed a cyan ugly thing
  9651 | D:12     | Reached skill level 10 in Armour
 10242 | D:12     | Noticed a two-headed ogre
 10248 | D:12     | Killed a two-headed ogre
 10249 | D:12     | Reached skill level 10 in Fighting
 10249 | D:12     | Reached skill level 16 in Axes
 10465 | Lair:1   | Entered Level 1 of the Lair of Beasts
 10807 | Lair:1   | Found an ornate altar of the Wu Jian Council.
 10807 | Lair:1   | Found a hide-covered altar of Uskayaw.
 10807 | Lair:1   | Noticed a boulder beetle
 10814 | Lair:1   | Killed a boulder beetle
 11224 | Lair:2   | Reached XP level 12. HP: 106/106 MP: 11/11
 11268 | Lair:2   | Noticed Gastronok
 11278 | Lair:2   | Killed Gastronok
 11399 | Lair:2   | Noticed a five-headed hydra
 11404 | Lair:2   | Killed a seven-headed hydra
 11601 | Lair:2   | Noticed Harold
 11613 | Lair:2   | Killed Harold
 11815 | Lair:2   | Found a staircase to the Snake Pit.
 12059 | Lair:3   | Found a staircase to the Swamp.
 12093 | Lair:3   | Reached skill level 17 in Axes
 12213 | Lair:3   | Received a gift from Trog
 12924 | Lair:4   | Reached skill level 10 in Shields
 13095 | Lair:4   | Reached skill level 1 in Evocations
 13322 | Lair:4   | Found a frozen archway.
 13671 | Lair:4   | Found a viscous altar of Jiyva.
 13672 | Lair:4   | Found a staircase to the Slime Pits.
 13895 | Lair:5   | Entered Level 5 of the Lair of Beasts
 14056 | Lair:5   | Reached XP level 13. HP: 116/116 MP: 12/12
 14233 | Lair:5   | Reached skill level 18 in Axes
 14308 | Lair:5   | Received a gift from Trog
 14442 | Lair:5   | Paralysed by a hornet for 2 turns
 15204 | Orc:1    | Entered Level 1 of the Orcish Mines
 15418 | Orc:1    | Reached ****** piety under Trog
 15561 | Orc:2    | Entered Level 2 of the Orcish Mines
 15939 | Orc:2    | Noticed an orc warlord
 15954 | Orc:2    | Killed an orc warlord
 16158 | Orc:2    | Found Cismuelu's Weapon Shop.
 16227 | Orc:2    | Found a staircase to the Elven Halls.
 16303 | Orc:2    | Received a gift from Trog
 16434 | Orc:2    | Found Woepuiri's Distillery.
 16453 | Orc:2    | Bought a potion of heal wounds for 70 gold pieces
 16489 | Orc:2    | Found an ancient bone altar of Kikubaaqudgha.
 16489 | Orc:2    | Noticed Nergalle
 16506 | Orc:2    | Paralysed by an orc sorcerer for 4 turns
 16516 | Orc:2    | Killed Nergalle
 16580 | Orc:2    | Found Addav's Book Boutique.
 16615 | Orc:2    | Found a radiant altar of Vehumet.
 16643 | Orc:2    | Reached XP level 14. HP: 124/129 MP: 13/13
 16689 | Orc:2    | Paralysed by an orc sorcerer for 3 turns
 16741 | Orc:2    | Found Atei's Jewellery Boutique.
 16773 | Orc:2    | Found Numim's Antique Weapon Shop.
 16795 | Orc:2    | Bought an amulet of reflection for 420 gold pieces
 17145 | D:13     | Found Uple's Armour Emporium.
 17174 | D:13     | Noticed Rupert
 17174 | D:13     | Paralysed by Rupert for 4 turns
 17190 | D:13     | Killed Rupert
 17381 | D:13     | Reached skill level 19 in Axes
 17488 | D:13     | Noticed Kirke
 17505 | D:13     | HP: 6/129 [hog[Kirke] (4)]
 17506 | D:13     | HP: 1/193 [Kirke (3)]
 17507 | D:13     | Slain by a hog

Illustrated notes

Levels and vault maps discovered:
D:1:      minmay_arrival_semitransparent, layout_loops_ring,
          dreamdust_mushroom_princess, minmay_misc_feat_rugged, nicolae_titane
D:2:      minmay_alternating_diamond, layout_loops_corners,
          kennysheep_nondescript, uniq_jessica, uniq_terence
D:3:      layout_loops_cross, serial_shops, shop
D:4:      layout_rooms, cheibrodos_sewer_entry_bend,
          hangedman_abyss_or_decor_stagger, minmay_mini_ossuary
D:5:      layout_rooms, cheibrodos_worm_habitat, temple_hall,
          lightli_ossuary_entry_decrepit_ruins,
          eino_small_chamber_without_monster, kennysheep_small_square,
          uniq_eustachio
D:6:      layout_rooms
D:7:      layout_basic, nzn_wu_jian_council_hall
D:8:      wander_river, layout_loops_ring
D:9:      layout_basic, special_room [special_room_orc], uniq_pikel
D:10:     minmay_twisted_water, layout_irregular_city, serial_shops,
          kennysheep_mini_moat, minmay_misc_feat_encased,
          nicolae_wooded_promenade, serial_nicolae_subway,
          nicolae_sub_station_metal, nicolae_sub_station_stone,
          nicolae_sub_station_crystal
D:11:     layout_basic, lair_entry_dummy
D:12:     layout_roguey, kennysheep_generic_room_15
D:13:     layout_stronghold, david_vaults_5, serial_shops,
          nicolae_shop_tiny_waterfront, uniq_kirke, uniq_rupert
Lair:1:   layout_regular_city, nzn_masters_of_martial_movement
Lair:2:   layout_big_grid, nicolae_snake_entry_warm_welcome, grunt_megastairs_2,
          uniq_harold, uniq_gastronok
Lair:3:   layout_hall_layers, swamp_mist_pool, dpeg_oklob_1
Lair:4:   layout_concentric_octagons, slime_entry_1, portal_ice_cave_entry_imps
Lair:5:   minmay_lair_end_enchanted_forest, layout_big_grid, grunt_megastairs_1
Orc:1:    layout_diamond_mine, nicolae_volcano_entry_lava_flow, special_room
          [special_room_orc]
Orc:2:    kennysheep_orc_mage_school, layout_caves, serial_shops,
          nicolae_shop_bloodbath_and_beyond

Skill      XL: |  1  2  3  4  5  6  7  8  9 10 11 12 13 14 |
---------------+-------------------------------------------+-----
Axes           | 4 5 6 8 10 12 14 16 17 18 19 | 19.0
Fighting       | 4 5 6 7 8 10 11 13 | 13.5
Armour         | 3 4 5 6 7 8 9 10 11 13 | 13.1
Dodging        | 3 4 |  4.7
Stealth        | 1 2 |  2.1
Shields        | 2 5 7 8 10 12 13 | 13.0
Evocations     | 1 |  1.0

Action                     |  1- 3 |  4- 6 |  7- 9 | 10-12 | 13-15 || total
---------------------------+-------+-------+-------+-------+-------++-------
  Melee: Hand axe          |    54 |    99 |       |       |       ||   153
         Headbutt          |     4 |    20 |    36 |    66 |    53 ||   179
         Punch             |       |     2 |       |       |       ||     2
         War axe           |       |    13 |   201 |   106 |       ||   320
         Broad axe         |       |       |       |   217 |   271 ||   488
         Unarmed           |       |       |       |       |     7 ||     7
 Invoke: Berserk           |     1 |     1 |     1 |     3 |     6 ||    12
         Brothers in Arms  |       |       |       |       |     1 ||     1
  Evoke: Wand              |       |       |       |     5 |     2 ||     7
    Use: Scroll            |       |       |    22 |     3 |     3 ||    28
         Potion            |       |       |       |       |     6 ||     6
 Armour: Chain mail        |    22 |    38 |    80 |     2 |       ||   142
         Animal skin       |     2 |       |       |       |       ||     2
         Plate armour      |       |       |       |   137 |   111 ||   248
  Dodge: Dodged            |    16 |    55 |    58 |    62 |    93 ||   284
  Block: Tower shield      |       |       |   111 |   283 |   288 ||   682
         Other             |       |       |       |       |    13 ||    13
         Reflection        |       |       |       |       |     2 ||     2
